[Event "*** Titled Tuesday Blitz"]
[Site "Chess.com"]
[Date "2021.03.09"]
[Round "6"]
[White "howitzer14"]
[Black "ChessWarrior7197"]
[Result "1/2-1/2"]
[WhiteElo "3037"]
[BlackElo "2929"]
[TimeControl "180+1"]
[EndTime "11:11:58 PST"]
[Termination "Game drawn by agreement"]

1. b3 Nf6 2. Bb2 b6 3. g3 Bb7 4.
Nf3 g6 5. Bg2 Bg7 6. O-O O-O 7.
c4 c5 8. Nc3 d6 9. e3 Nbd7 10.
Qe2 Ne4 11. Rac1 Nxc3 12. Bxc3 e5 13. Rfe1 Re8 14. d3 f5 15. Nd2 Qc7 16. Qf1 Nf6 17. b4 Rad8 18. a4 Bc6 19. a5 g5 20. axb6 axb6 21.
Bxc6 Qxc6 22. Qg2 Qxg2+ 23. Kxg2 Ra8 24. Ra1 Kf7 25. b5 Ke6 26. e4 f4 27. f3 h5 28. Rxa8 Rxa8 29. Ra1 Rxa1 30. Bxa1 Bh6 31. Nb1 g4 32. Nc3 Bg5 33. Na4 Nd7 34. Bc3 fxg3 35. hxg3 Be3 36. Be1 Bd4 37. Bd2 Kf6 38. Bc1 Kg6 39.
Bd2 Kf6 40. Be1 Ke7 41. Bf2 Kd8 42. Be1 Kc7 43. Bd2 Nf8 44. fxg4 hxg4 45. Nc3 Bxc3 46. Bxc3 Ne6 47. Kf2 Kd7 48. Ke3 Ng5 49. Ke2 Nf3 50. Ke3 Ke6 51. Kf2 Ng5 52. Ke3 Nh3 53. Ke2 Ng1+ 54. Kf2 Nf3 55. Ke3 Kd7 56. Ke2 Ng5 57.
Bd2 Ne6 58. Be3 Ng7 59. Kf2 Nh5 60. Kg2 Ng7 61. Kf2 Ne6 62. Kg2 Nc7 63. Kg1 Ne8 64. Kg2 Ke6 65. Bg5 Nf6 66. Bxf6 Kxf6 67. Kf2 Kg5 68. Ke3 Kf6 69. Ke2 Kg5 70. Kd2 Kf6 71. Kc2 Kg5 72. Kc1 Kg6 73. Kd1 Kg5 74.
Ke1 Kg6 75. Kf1 Kg5 76. Kg1 Kg6 77. Kh1 Kg5 78. Kh2 1/2-1/2

[Event "*** Titled Tuesday Blitz"]
[Site "Chess.com"]
[Date "2021.03.09"]
[Round "6"]
[White "GM_Huschenbeth"]
[Black "Mihnea2017"]
[Result "0-1"]
[WhiteElo "2609"]
[BlackElo "2498"]
[TimeControl "180+1"]
[EndTime "11:11:59 PST"]
[Termination "Mihnea2017 won on time"]

1. e4 c5 2. Nf3 Nc6 3. d4 cxd4 4. Nxd4 Nf6 5. Nc3 e5 6. Ndb5 d6 7. Bg5 a6 8. Na3 b5 9. Nd5 Be7 10. Bxf6 Bxf6 11. c4 b4 12. Nc2 O-O 13. Be2 a5 14.
O-O Be6 15. Qd3 Bg5 16. Rad1 Qb8 17. Qg3 Bh6 18. Nf6+ Kh8 19. Ng4 Bf4 20. Qh4 Qd8 21. Qxd8 Rfxd8 22. h4 h5 23. Nge3 Bxe3 24. Nxe3 g6 25.
Nc2 Kg7 26. g3 a4 27. b3 axb3 28. axb3 Ra2 29. Bd3 Rda8 30. f4 f6 31. Ra1 Rxa1 32. Rxa1 Rxa1+ 33. Nxa1 Nd4 34. Kf2 Bg4 35. Ke1 g5 36.
fxg5 fxg5 37. hxg5 Kg6 38. Nc2 Nxb3 39. Nxb4 Kxg5 40.
Kf2 Nc5 41. Ke3 h4 42. gxh4+ Kxh4 43. Nd5 Kg3 44. Nf6 Be6 45. Ne8 Nb7 46. Be2 Bf7 47.
Nf6 Na5 48. c5 dxc5 49. Nd7 Nc6 50. Bb5 Nd4 51. Nxe5 Be6 52. Bd3 Bc8 53. Bf1 Be6 54.
Nd3 Nb3 55. Be2 c4 56. Ne5 c3 57. Kd3 Nc5+ 58. Kd4 Nxe4 0-1

[Event "*** Titled Tuesday Blitz"]
[Site "Chess.com"]
[Date "2021.03.09"]
[Round "6"]
[White "iturrizaga"]
[Black "Aygehovit1992"]
[Result "1/2-1/2"]
[WhiteElo "2836"]
[BlackElo "2646"]
[TimeControl "180+1"]
[EndTime "11:12:02 PST"]
[Termination "Game drawn by repetition"]

1. c4 e5 2. g3 Nc6 3. Bg2 f5 4.
Nc3 Nf6 5. d3 Bb4 6. Bd2 O-O 7.
a3 Bxc3 8. Bxc3 d6 9. b4 f4 10. Nf3 Bg4 11. h3 Bxf3 12. Bxf3 Qd7 13. gxf4 Rae8 14.
Qa4 e4 15. Bg2 exd3 16. e3 Ne4 17. Bxe4 Rxe4 18. Rg1 g6 19. Kd2 Qxh3 20. Qb5 Qf3 21. Qd5+ Rf7 22. Kxd3 Rxf4 23. Rg5 Rf5 24. Qxf3 Rxf3 25.
Rh1 Ne7 26. Be1 a6 27. Ke2 R3f5 28. Rg4 b5 29. cxb5 axb5 30. f4 Nd5 31. Bd2 Nf6 32. Rg2 Ne4 33. Bc1 c5 34. Bb2 Rc7 35. Kd3 d5 36.
Be5 c4+ 37. Kd4 Ra7 38. Kxd5 Nf6+ 39. Kc5 Nd7+ 40. Kxb5 Nxe5 41. fxe5 Rxe5+ 42. Kxc4 Rxa3 43. Re2 Re4+ 44. Kc5 Rexe3 45. Rxe3 Rxe3 46. b5 Rc3+ 47. Kb4 Rc8 48. b6 Kg7 49. Kb5 h5 50. b7 Rb8 51.
Kc6 Kf6 52. Kc7 Rg8 53. b8=Q Rxb8 54. Kxb8 Kg5 55. Kc7 h4 56. Kd6 Kg4 57. Ke5 h3 58. Ke4 Kg3 59. Rg1+ Kf2 60. Rxg6 h2 61. Rh6 Kg2 62.
Rg6+ Kf2 63. Rf6+ Kg2 64. Rg6+ Kf2 1/2-1/2

[Event "*** Titled Tuesday Blitz"]
[Site "Chess.com"]
[Date "2021.03.09"]
[Round "6"]
[White "Grieve72"]
[Black "CraiggoryC"]
[Result "0-1"]
[WhiteElo "2523"]
[BlackElo "2309"]
[TimeControl "180+1"]
[EndTime "11:12:02 PST"]
[Termination "CraiggoryC won on time"]

1. e4 d5 2. exd5 Nf6 3. d4 Bg4 4. Bb5+ Nbd7 5. Be2 Bxe2 6. Qxe2 Nxd5 7. Nf3 e6 8. O-O Be7 9. c4 N5f6 10. Nc3 O-O 11.
Bf4 c5 12. d5 exd5 13. cxd5 Re8 14. Qd3 c4 15. Qd2 Bc5 16. Nb5 Rc8 17. Rad1 a6 18.
Nc3 b5 19. d6 Qb6 20. Qc2 Rc6 21. Rfe1 Bxd6 22. Be3 Bc5 23. Qf5 Bxe3 24. fxe3 Rxe3 25. Kf1 Rce6 26. Rxe3 Qxe3 27. h3 g6 28. Qg5 Nc5 29. Qxe3 Rxe3 30. Kf2 Re8 31. Ne1 Nfe4+ 32. Kf3 Nxc3 33.
bxc3 Kg7 34. a3 Na4 35. Rc1 Rd8 36. Ke4 Rd2 37. Nf3 Rxg2 38. Ne5 Re2+ 39. Kd4 Nb2 40. Nd7 Rd2+ 41. Kc5 Rxd7 42. Kc6 Re7 43. Rc2 Nd3 44. Kb6 Re6+ 45. Ka5 Ne5 46. a4 Nd3 47. axb5 axb5 48. Kxb5 Ne5 49. Re2 f6 50. h4 Kf7 51. Kc5 h6 52.
Kd5 g5 53. h5 f5 54. Rf2 Nd3 55. Ra2 Kf6 56. Ra8 Re5+ 57. Kd6 Re6+ 58. Kd7 Ne5+ 59. Kc7 f4 60. Rf8+ Nf7 61. Rg8 f3 62. Rg6+ Kf5 63. Rg7 Kf6 64. Rg6+ Kf5 65. Rg7 Re7+ 66. Kc6 f2 67. Rxg5+ hxg5 0-1

[Event "*** Titled Tuesday Blitz"]
[Site "Chess.com"]
[Date "2021.03.09"]
[Round "6"]
[White "Mr_Sinigami"]
[Black "jens1102"]
[Result "0-1"]
[WhiteElo "2589"]
[BlackElo "2448"]
[TimeControl "180+1"]
[EndTime "11:12:04 PST"]
[Termination "jens1102 won by checkmate"]

1. d4 Nf6 2. Nf3 e6 3. Bf4 d5 4. e3 Bd6 5. Bg3 c5 6. Nbd2 Nc6 7. c3 Qe7 8. Ne5 O-O 9. f4 Bd7 10. Bd3 Rfc8 11. Bh4 cxd4 12. exd4 Qe8 13. O-O Be7 14. Rf3 b5 15. a3 a5 16. Bxf6 Bxf6 17. Nxd7 Qxd7 18.
Bxb5 Rab8 19. a4 Qd6 20. Ra2 Ne7 21. Bd3 Rb6 22. Rf2 Rcb8 23. Qc2 g6 24. g3 Nc6 25. Nf3 Rc8 26. Qe2 Bg7 27. Kg2 f6 28. Bb5 Re8 29.
Ra1 Re7 30. Re1 Na7 31. Bd3 Nc6 32. Qd2 Nd8 33. h4 Nf7 34. h5 Reb7 35. hxg6 hxg6 36.
Bxg6 Nh6 37. Rfe2 Qb8 38. Rb1 Ng4 39. Bd3 f5 40. Bb5 Re7 41. Rbe1 Qd6 42. b3 Nf6 43. c4 Ne4 44. Rxe4 dxe4 45. c5 exf3+ 46. Kf2 Qxd4+ 47. Qxd4 Bxd4+ 48. Kxf3 Bxc5 49. Re5 Bd4 50. Re2 Kf7 51. Bc4 Kf6 52. Rh2 Kg6 53. Rd2 e5 54. fxe5 Bxe5 55. Rd5 Rd6 56. Rxa5 Rd4 57. Ra8 Rd1 58. a5 Bd4 59. a6 Rd2 60. g4 Rf2+ 61. Kg3 f4+ 62.
Kh3 Rh7# 0-1

[Event "*** Titled Tuesday Blitz"]
[Site "Chess.com"]
[Date "2021.03.09"]
[Round "6"]
[White "Gabrielian_Artur"]
[Black "MoonlighT89"]
[Result "1-0"]
[WhiteElo "2812"]
[BlackElo "2607"]
[TimeControl "180+1"]
[EndTime "11:12:07 PST"]
[Termination "Gabrielian_Artur won on time"]

1. e4 c5 2. Nc3 e6 3. Nge2 Nc6 4. g3 Nf6 5. Bg2 Be7 6. O-O O-O 7. d4 cxd4 8. Nxd4 Nxd4 9. Qxd4 d6 10. Be3 Bd7 11. Rad1 Bc6 12. h3 Qa5 13. a3 b5 14. Qd2 Rfc8 15.
Nd5 Qxd2 16. Nxe7+ Kf8 17. Rxd2 Kxe7 18. f3 d5 19.
Bc5+ Ke8 20. e5 Nd7 21. Bd6 Nb6 22. b3 Rd8 23. f4 g6 24. g4 Nc8 25. Bc5 Ne7 26.
Rfd1 Rdc8 27. Bd6 a6 28. Kf2 d4 29. Bxe7 Kxe7 30. Kg3 Bxg2 31. Rxg2 Rc3+ 32. Kh2 Rac8 33.
Rdd2 d3 34. Rxd3 Rxd3 35. cxd3 Rc3 36. a4 Rxb3 37. axb5 axb5 38. d4 b4 39. Ra2 Rd3 40.
Ra7+ Kf8 41. Rb7 Rxd4 42. Kg3 Kg7 43. g5 Rc4 44. h4 Kf8 45. Kg4 Kg7 46. Kf3 Rc3+ 47.
Ke4 b3 48. Rb8 Rh3 49. Rb7 Rc3 50. Rb8 h5 51. Rb7 Rh3 52. Rb8 Rxh4 53. Rxb3 Rh1 54. Rb2 Rf1 55. Rh2 Kf8 56. Ke3 Ke7 57. Rh3 Kd7 58. Ke4 Re1+ 59. Kf3 Kc6 60. Rh2 1-0

[Event "*** Titled Tuesday Blitz"]
[Site "Chess.com"]
[Date "2021.03.09"]
[Round "6"]
[White "FMLorneTwitch"]
[Black "bylavochka"]
[Result "1/2-1/2"]
[WhiteElo "2331"]
[BlackElo "2216"]
[TimeControl "180+1"]
[EndTime "11:12:07 PST"]
[Termination "Game drawn by repetition"]

1. d4 Nf6 2. Bg5 e6 3. c4 Be7 4.
Nc3 d5 5. Nf3 Nbd7 6. e3 b6 7.
Rc1 Bb7 8. b3 O-O 9. Bd3 Rc8 10.
O-O c5 11. Qe2 Ne4 12. Bf4 Ndf6 13. Ne5 Nxc3 14. Rxc3 cxd4 15. exd4 dxc4 16. Rxc4 Rxc4 17. Bxc4 Qxd4 18. Bg3 Rd8 19. Nf3 Qe4 20. Qb2 Bc5 21. Re1 Qf5 22. Ne5 Ne4 23. Qe2 Nxg3 24. hxg3 h6 25. a4 Bb4 26. Rf1 Qe4 27. Qxe4 Bxe4 28. Nf3 Kf8 29. Rc1 Ke7 30. Kf1 Bd5 31. Ke2 Bxc4+ 32.
Rxc4 Bd6 33. Nd2 Rd7 34. g4 Rc7 35. Rd4 e5 36. Re4 f6 37. f4 Kf7 38. Nc4 Bc5 39.
fxe5 fxe5 40. Nxe5+ Kf8 41. Ng6+ Kf7 42. Nf4 Re7 43. Kf3 Rxe4 44. Kxe4 Kf6 45. Nh3 Bd6 46. Kd5 Bc5 47. Kc6 a5 48. Kd5 g6 49. Ke4 h5 50. gxh5 gxh5 51. Nf4 Kg5 52. Kf3 Bd6 53.
Nd5 Bc5 54. Nf4 Bd6 55. Ne6+ Kf5 56. Nd4+ Ke5 57. Nc2 Kd5 58. Ke3 Bc5+ 59. Kf4 Bf2 60. Kg5 h4 61. Kg4 Bg3 62. Kf3 Kc5 63. Ke3 b5 64.
Kd3 bxa4 65. bxa4 Kd5 66. Ne3+ Kc5 67. Nc2 Kd5 68. Kc3 Bf2 69. Kd3 Kc5 70. Kc3 Bg3 71.
Kd3 1/2-1/2

[Event "*** Titled Tuesday Blitz"]
[Site "Chess.com"]
[Date "2021.03.09"]
[Round "6"]
[White "lupta_robin"]
[Black "IMVoja"]
[Result "1-0"]
[WhiteElo "2583"]
[BlackElo "2411"]
[TimeControl "180+1"]
[EndTime "11:12:08 PST"]
[Termination "lupta_robin won by checkmate"]

1. d4 Nf6 2. c4 c5 3. d5 d6 4. Nc3 g6 5. e4 Bg7 6. Nf3 O-O 7. Be2 Bg4 8. O-O Bxf3 9. Bxf3 Na6 10. Bf4 Nd7 11.
Qd2 Ne5 12. Be2 Nc7 13. Bh6 a6 14. Bxg7 Kxg7 15. f4 Nd7 16. a4 Rb8 17. Rf3 e6 18. dxe6 Nxe6 19. f5 Nd4 20. Rh3 h5 21. Rf1 Nf6 22.
Bxh5 Rh8 23. fxg6 fxg6 24. Bxg6 Rxh3 25. Qg5 Ne6 26. Qf5 Nd4 27. Qxh3 Qh8 28. Qg3 Qh6 29.
Bf5+ Kh8 30. Qxd6 Rg8 31. Bh3 Qg7 32. Qxf6 Qxf6 33. Rxf6 Kg7 34. Rd6 Nb3 35. Rd7+ Kf6 36. Rxb7 Ke5 37. Rxb3 Kd4 38. Rb6 Kxc4 39. Rxa6 Kd3 40.
Rc6 Kd2 41. Rxc5 Rf8 42. Nd5 Rb8 43. b4 Ra8 44. a5 Re8 45. Bf5 Rh8 46. h3 Ke2 47.
Kh2 Rf8 48. g3 Rh8 49. Rc3 Kd2 50. h4 Rd8 51. Kh3 Rh8 52. g4 Rg8 53. h5 Rh8 54. Kh4 Rg8 55. h6 Rh8 56. g5 Rd8 57. Kh5 Rh8 58. h7 Rd8 59. g6 Rxd5 60. exd5 Kxc3 61. b5 Kb4 62. b6 Kc5 63. b7 Kd4 64. a6 Ke5 65. a7 Kf4 66. g7 Kxf5 67. d6 Ke5 68. d7 Kd4 69. d8=Q+ Kc3 70. b8=Q Kc4 71.
a8=Q Kc5 72. h8=Q Kc4 73. g8=Q+ Kc5 74. Qbc7+ Kb4 75. Qab7+ Ka3 76. Qhc3+ Ka4 77. Qc7c6# 1-0

[Event "*** Titled Tuesday Blitz"]
[Site "Chess.com"]
[Date "2021.03.09"]
[Round "6"]
[White "Thjop"]
[Black "FMJoseHerrera"]
[Result "1-0"]
[WhiteElo "2669"]
[BlackElo "2524"]
[TimeControl "180+1"]
[EndTime "11:12:09 PST"]
[Termination "Thjop won on time"]

1. e4 c5 2. Nf3 e6 3. d3 b6 4. g3 Bb7 5. Bg2 Qc7 6. O-O d6 7. c3 Nd7 8. Re1 Ngf6 9. Nbd2 Be7 10. d4 h5 11. e5 dxe5 12. dxe5 Ng4 13. Nc4 Bd5 14.
Qe2 Qb7 15. h3 Ndxe5 16. Ncxe5 Nxe5 17. Qxe5 Bxf3 18. Qxg7 O-O-O 19. Bxf3 Qxf3 20. Bf4 h4 21. Qxf7 hxg3 22. Qxe6+ Rd7 23. fxg3 Kd8 24. Rf1 Qh5 25. Rae1 Qxh3 26. Qxh3 Rxh3 27. Kg2 Rh7 28. Re2 Kc8 29. Rfe1 Kb7 30. Rd2 Rxd2+ 31. Bxd2 Kc6 32. c4 Kd7 33. b3 Bf6 34. Bf4 Bd4 35. Re2 a5 36. Kf3 Rh1 37. g4 Rf1+ 38. Ke4 Ke6 39. g5 Rg1 40.
Bd2 Kf7 41. Rh2 Kg6 42. Rh6+ Kg7 43. Rxb6 Rg2 44. Bf4 Rxa2 45. Kf5 Rf2 46. Rb7+ Kg8 47. Kg4 Rg2+ 48. Kf3 Rf2+ 49. Ke4 Re2+ 50. Kd5 Rf2 51.
Bd6 Rf5+ 52. Kc6 Rxg5 53. Rb5 Rg6 54. Kd5 Rg5+ 55. Ke6 Rg6+ 56. Kd7 Rg5 57. Rxa5 Kf7 58. Rb5 Rh5 59. b4 Rh7 60. Bxc5 Kf6+ 61. Kc6 Be5 62.
Bd6 Bc3 63. c5 Ke6 64. Rb8 Rh6 65. b5 Be5 66. Re8+ 1-0

[Event "*** Titled Tuesday Blitz"]
[Site "Chess.com"]
[Date "2021.03.09"]
[Round "6"]
[White "kakakz"]
[Black "Lupul_Cenusiu"]
[Result "1-0"]
[WhiteElo "2422"]
[BlackElo "2558"]
[TimeControl "180+1"]
[EndTime "11:12:10 PST"]
[Termination "kakakz won by resignation"]

1. g3 g6 2. Bg2 Bg7 3. c4 c6 4. Nc3 Nf6 5. b3 d5 6. Nf3 d4 7. Nb1 c5 8. O-O O-O 9. Bb2 Nc6 10. e3 e5 11. exd4 exd4 12. a3 a5 13. d3 Bf5 14.
Nh4 Bg4 15. Qc2 Re8 16. Nd2 Qc7 17. h3 Bd7 18. Rae1 h6 19. Ne4 Nxe4 20. dxe4 d3 21. Qd2 Bxb2 22. Qxb2 Rad8 23. Qd2 Qc8 24. Qxh6 Re6 25. Nf3 Be8 26. Ng5 d2 27. Nxe6 Qxe6 28.
Rd1 Qd6 29. e5 Nxe5 30. Bd5 Bc6 31. Rxd2 Nf3+ 32. Bxf3 Qxd2 33. Qxd2 Rxd2 34. Bxc6 bxc6 35. Re1 Rd3 36. Re5 Rxb3 37. Rxc5 Rxa3 38. Rxc6 Rc3 39. Rc8+ Kg7 40. c5 a4 41. Kg2 a3 42. Ra8 Rxc5 43. Rxa3 Rc7 44. Re3 Rb7 45. h4 Rc7 46. Kf3 Rb7 47. Rd3 Rc7 48. Kg4 Rb7 49. Rd4 Rc7 50.
Rd5 Rb7 51. h5 gxh5+ 52. Kxh5 Rb3 53. Rf5 Ra3 54. Kg4 Rb3 55. Rc5 Ra3 56. Rc7 Rb3 57. f4 Ra3 58. Kh4 Ra4 59. Kg5 Ra5+ 60. f5 Rb5 61. g4 Ra5 62. Kh5 Rb5 63. Rd7 Ra5 64. Rc7 Rb5 65. Ra7 Rc5 66. Kg5 Rd5 67. Kh4 Rd4 68. Ra6 Rd5 69. Kg5 Rc5 70. Kf4 Rc4+ 71. Kg3 Rc5 72. Kh4 Rb5 73. Kh5 Rc5 74. Ra7 Rb5 75. Rd7 Rc5 76. Rd3 Rb5 77. Rf3 Ra5 78.
g5 Rb5 79. f6+ Kh7 80. Rd3 Rb8 81. Rd7 Kg8 82. Kh6 Rc8 83. g6 Rf8 84. Rc7 Ra8 85.
Rb7 Rf8 86. Rc7 Ra8 87. Rxf7 Ra1 88. Rg7+ Kh8 89. Rh7+ Kg8 90. f7+ Kf8 91. Rh8+ Ke7 92. f8=Q+ 1-0

[Event "*** Titled Tuesday Blitz"]
[Site "Chess.com"]
[Date "2021.03.09"]
[Round "6"]
[White "Chesswizard_2007"]
[Black "szachuspl"]
[Result "0-1"]
[WhiteElo "2678"]
[BlackElo "2521"]
[TimeControl "180+1"]
[EndTime "11:12:11 PST"]
[Termination "szachuspl won by checkmate"]

1. d4 Nf6 2. c4 e6 3. Bd2 c5 4. e3 cxd4 5. exd4 d5 6. Nf3 Nc6 7. cxd5 Nxd5 8. Nc3 Be7 9. a3 O-O 10. Bd3 Bf6 11. h4 Nxd4 12. Bxh7+ Kxh7 13. Ng5+ Kg8 14. Qh5 Re8 15. Qxf7+ Kh8 16. Qh5+ Kg8 17. Qf7+ Kh8 18. Kf1 Nf5 19. Nxd5 exd5 20. Qh5+ Kg8 21. Qh7+ Kf8 22. Bb4+ Nd6 23. Bxd6+ Qxd6 24. Qh8+ Ke7 25. Re1+ Be6 26. Qh5 Kd7 27. Nxe6 Rxe6 28. Qf7+ Re7 29. Rxe7+ Qxe7 30. Qxd5+ Kc7 31. Rh3 Rd8 32. Qc4+ Kb8 33. Re3 Qc7 34.
Qxc7+ Kxc7 35. h5 Bxb2 36. g4 Rd4 37. Re7+ Rd7 38. Re3 Bd4 39. Rf3 b5 40. Kg2 a5 41.
Rf5 Kc6 42. g5 b4 43. axb4 axb4 44. Rf3 Kc5 45. Kg3 Kc4 46. Kg4 b3 47. Rf8 Rb7 48. Rc8+ Kd3 49. Rc1 b2 50. Rh1 b1=Q 51. Rxb1 Rxb1 52.
f4 Ke4 53. h6 gxh6 54. Kh5 Rg1 55. Kxh6 Kxf4 56. g6 Kf5 57. Kh7 Rh1+ 58. Kg8 Rh8+ 59. Kf7 Be5 60. g7 Bxg7 61. Kxg7 Rh5 62. Kf7 Rh7+ 63. Ke8 Ra7 64. Kd8 Ke6 65. Kc8 Rf7 66.
Kb8 Kd6 67. Ka8 Kc6 68. Kb8 Rg7 69. Kc8 Rg8# 0-1

[Event "*** Titled Tuesday Blitz"]
[Site "Chess.com"]
[Date "2021.03.09"]
[Round "6"]
[White "kuba2006"]
[Black "kleopl"]
[Result "1/2-1/2"]
[WhiteElo "2342"]
[BlackElo "2472"]
[TimeControl "180+1"]
[EndTime "11:12:11 PST"]
[Termination "Game drawn - insufficient material"]

1. b3 c5 2. Bb2 Nc6 3. e3 a6 4.
Nf3 d5 5. d4 cxd4 6. Nxd4 Nf6 7. c4 Nxd4 8. Qxd4 Bf5 9. Nc3 dxc4 10. bxc4 e6 11. Be2 Qxd4 12. exd4 Ne4 13. Nxe4 Bxe4 14.
f3 Bb4+ 15. Kf2 Bc6 16. Rhd1 O-O 17. Bd3 Rfd8 18. Be4 Bxe4 19. fxe4 Rac8 20. Rac1 g6 21. c5 Ba5 22. d5 exd5 23. exd5 Bb4 24. Bf6 Rd7 25.
c6 bxc6 26. dxc6 Rxd1 27. Rxd1 Bc5+ 28. Kf3 Bb6 29. Rc1 Kf8 30. Ke4 Bc7 31. Kd5 Re8 32. Rb1 Rc8 33. Rb7 Ke8 34. Ra7 a5 35. Kc5 Bxh2 36. Rxa5 Bg1+ 37. Kd5 Bh2 38. Ra7 Bc7 39. Rb7 h6 40. a4 g5 41. Kc5 g4 42. Kb5 Kf8 43. a5 Bxa5 44. Kxa5 Kg8 45. c7 Kh7 46. Rb8 Rxc7 47. Kb4 Kg6 48. Be5 Re7 49. Bd6 Re2 50.
Kc5 Rxg2 51. Rg8+ Kf5 52. Rh8 Kg6 53. Rg8+ Kh5 54. Rf8 Rf2 55. Kd5 f5 56. Be5 Kh4 57.
Ke6 h5 58. Rxf5 Rxf5 59. Kxf5 g3 60. Kf4 Kh3 61. Bd4 Kg2 62. Kg5 Kf3 63. Kxh5 g2 64.
Bc5 g1=Q 65. Bxg1 1/2-1/2

[Event "*** Titled Tuesday Blitz"]
[Site "Chess.com"]
[Date "2021.03.09"]
[Round "6"]
[White "exoticprincess"]
[Black "Gahan-MG"]
[Result "1-0"]
[WhiteElo "2879"]
[BlackElo "2675"]
[TimeControl "180+1"]
[EndTime "11:12:18 PST"]
[Termination "exoticprincess won by resignation"]

1. d4 Nf6 2. Nc3 d5 3. Bf4 g6 4.
Qd2 Bg7 5. Bh6 Bxh6 6. Qxh6 c5 7.
e3 cxd4 8. exd4 Qb6 9. O-O-O Nc6 10. Bb5 Bf5 11. f3 O-O-O 12. Bxc6 Qxc6 13. Nge2 Kb8 14. Rhe1 Rhe8 15. g4 Bc8 16. Nf4 Qd6 17. Nd3 Ng8 18.
Qxh7 Be6 19. Qh4 Nf6 20. Nb5 Qb6 21. Qg3+ Kc8 22. Nc3 Rh8 23. Nf4 Rd6 24. h4 Qc6 25.
Re3 Ne8 26. Rde1 Nc7 27. Nd3 Qc4 28. Ne5 Qxd4 29. Nxf7 Bxf7 30. Rxe7 Qc5 31. Rxf7 Rc6 32. Re2 d4 33. Ne4 Qd5 34. Qf4 Rd8 35. Rf8 Ne6 36.
Rxd8+ Qxd8 37. Qf6 Qxf6 38. Nxf6 Nf4 39. Re8+ Kc7 40. g5 d3 41. c3 Ra6 42. a3 Rb6 43.
Re7+ Kd6 44. Rd7+ Ke6 45. b4 Ra6 46. Rxb7 Rxa3 47. Kd2 Ra2+ 48. Ke3 d2 49. Rd7 Ng2+ 50. Ke2 Nf4+ 51. Kd1 Ra1+ 52. Kxd2 Nh5 53. Rd4 Nxf6 54. gxf6 Kxf6 55. Kd3 Rf1 56. f4 Rh1 57. Kc4 Rxh4 58. Kb5 Rh3 59. c4 Ra3 60. c5 Kf5 61. c6 Rc3 62.
Rc4 Rxc4 63. Kxc4 Ke6 64. b5 Kd6 65. Kd4 Kc7 66. Kc5 Kc8 67. Kd6 Kd8 68. c7+ Kc8 69.
Kc6 1-0

[Event "*** Titled Tuesday Blitz"]
[Site "Chess.com"]
[Date "2021.03.09"]
[Round "6"]
[White "IANOV0007"]
[Black "dennisodessa"]
[Result "1-0"]
[WhiteElo "2484"]
[BlackElo "2341"]
[TimeControl "180+1"]
[EndTime "11:12:18 PST"]
[Termination "IANOV0007 won by resignation"]

1. Nf3 Nf6 2. g3 b6 3. Bg2 Bb7 4. c4 e6 5. O-O Be7 6. Nc3 O-O 7.
d3 c5 8. b3 d5 9. Bb2 d4 10.
Nb5 Nc6 11. Re1 Qd7 12. Qd2 Rad8 13. Rad1 e5 14. e4 dxe3 15. Qxe3 Ng4 16. Qe2 f6 17. h3 Nh6 18. Nh4 Nf5 19. Nxf5 Qxf5 20. Kh2 Rd7 21. h4 Qg6 22. Bh3 Rdd8 23. Nc7 Rd6 24. Nd5 Rfd8 25.
Bc3 Bf8 26. f4 exf4 27. Nxf4 Qh6 28. Nd5 Kh8 29. Qe3 Qxe3 30. Rxe3 a5 31. a3 Nd4 32. Bg2 Nxb3 33. Rde1 h6 34. Re8 Nd4 35. Bxd4 cxd4 36. h5 Kg8 37. R8e2 Kf7 38. a4 Bc6 39. Ra2 R8d7 40.
Rb1 Bxd5 41. Bxd5+ Rxd5 42. cxd5 Rxd5 43. Rxb6 Rxh5+ 44.
Kg2 Bb4 45. Rb7+ Kg6 46. Re2 Rg5 47. Re6 Kh7 48. Kf3 Bc3 49. Ree7 Rg6 50. g4 Rg5 51. Rec7 Rg6 52. Rf7 Rg5 53. Rf8 Kg6 54. Rg8 Kh7 55. Rbb8 f5 56. gxf5 Rxf5+ 57. Ke4 Rg5 58. Rh8+ Kg6 59.
Rb6+ Kf7 60. Rc8 Rg1 61. Rc7+ 1-0

[Event "*** Titled Tuesday Blitz"]
[Site "Chess.com"]
[Date "2021.03.09"]
[Round "6"]
[White "onnoelgersma"]
[Black "Sadykov_Ramil"]
[Result "0-1"]
[WhiteElo "2388"]
[BlackElo "2570"]
[TimeControl "180+1"]
[EndTime "11:12:21 PST"]
[Termination "Sadykov_Ramil won on time"]

1. e4 c5 2. Nf3 e6 3. g3 Nc6 4. Bg2 Nf6 5. Qe2 d6 6. O-O Be7 7. c3 e5 8. d3 O-O 9. Nfd2 d5 10.
exd5 Nxd5 11. a4 Re8 12. Na3 Bf8 13. Nac4 g6 14. h4 h6 15. a5 Bg7 16. Ne4 Bf8 17. Rd1 f5 18. Ned2 Kh7 19. Qf3 Be6 20. Re1 Bg7 21.
Nb3 e4 22. dxe4 Nxc3 23. bxc3 Bxc4 24. Nxc5 Ne5 25. Qf4 Qc7 26. Be3 b6 27. axb6 axb6 28. Rxa8 Rxa8 29. exf5 Rf8 30. fxg6+ Kh8 31. Qe4 bxc5 32.
Bf4 Re8 33. Kh1 Bg8 34. h5 Qe7 35. Qf5 Qf6 36. Qxf6 Bxf6 37. Rd1 c4 38. Rd6 Bg7 39. Ra6 Nd3 40. Ra7 Nxf2+ 41. Kg1 Nd3 42. Bd2 Ne5 43.
Be4 Nd3 44. Bxh6 Bxh6 45. Bf5 Bg7 46. g4 Bh6 47. Kg2 Bg7 48. g5 Nf4+ 49. Kf3 Nxh5 50. Kg4 Be6 51. Bxe6 Rxe6 52. Kxh5 Bxc3 53. Rc7 Re4 54.
g7+ Bxg7 55. Kg6 Re6+ 56. Kf5 Re5+ 57. Kg6 Re6+ 58. Kh5 Re8 59. Rxc4 Kg8 60. Rc7 Bf8 61. Rb7 Re6 62. g6 Be7 63. Kg4 Kg7 64. Kf5 Re1 65.
Ra7 Rf1+ 66. Ke6 Re1+ 67. Kf5 Kh6 68. Rb7 Rf1+ 69. Ke6 Bg5 0-1

[Event "*** Titled Tuesday Blitz"]
[Site "Chess.com"]
[Date "2021.03.09"]
[Round "6"]
[White "Sam_ChessMood"]
[Black "mikolka1985"]
[Result "1-0"]
[WhiteElo "2885"]
[BlackElo "2688"]
[TimeControl "180+1"]
[EndTime "11:12:22 PST"]
[Termination "Sam_ChessMood won on time"]

1. Nf3 d5 2. d4 Nf6 3. c4 e6 4. Nc3 Bb4 5. cxd5 exd5 6. Bg5 h6 7. Bh4 O-O 8. e3 Bf5 9. Ne5 g5 10. Bg3 c5 11. Bd3 cxd4 12. exd4 Ne4 13. O-O Nc6 14. Nxe4 dxe4 15. Bc4 Qxd4 16. Nxc6 Qxd1 17. Rfxd1 bxc6 18. Bd6 Bxd6 19. Rxd6 Rfd8 20. Rf6 Be6 21. Bxe6 fxe6 22. Rxe6 Rd2 23. Rxe4 Rxb2 24. Re6 Kg7 25. Rxc6 Rd8 26.
Rc7+ Kg6 27. Rxa7 Rdd2 28. Rf1 Rxa2 29. Rxa2 Rxa2 30. g3 Rb2 31. Kg2 Rb3 32. Ra1 Rb6 33. Ra5 Rc6 34. Rb5 Rd6 35. Rb4 Rc6 36. h4 Rd6 37. Kh3 Rc6 38. Rb3 Rd6 39. f3 Rc6 40. Re3 Rd6 41. Kg4 Rd4+ 42. Re4 h5+ 43. Kh3 g4+ 44. Kg2 Rd2+ 45. Kf1 gxf3 46. Rf4 Rd1+ 47. Kf2 Rd2+ 48. Kxf3 Rd3+ 49. Kg2 Rd2+ 50. Rf2 Rd3 51. Rf3 Rd2+ 52. Kf1 Rb2 53. Rf2 Rb3 54. Kg2 Rc3 55. Ra2 Rc6 56. Ra5 Rd6 57. Re5 Rc6 58.
Rg5+ Kh6 59. Re5 Rd6 60. Kf3 Rc6 61. Kf4 Rf6+ 62. Rf5 Rc6 63. Ke5 Rg6 64. Rf6 Kg7 65. Rxg6+ Kxg6 66. Ke6 Kg7 67. Kf5 Kh6 68. Kf6 1-0

[Event "*** Titled Tuesday Blitz"]
[Site "Chess.com"]
[Date "2021.03.09"]
[Round "6"]
[White "arctic_t00"]
[Black "elcandado"]
[Result "1/2-1/2"]
[WhiteElo "2540"]
[BlackElo "2661"]
[TimeControl "180+1"]
[EndTime "11:12:22 PST"]
[Termination "Game drawn - insufficient material"]

1. d4 Nf6 2. Nf3 d5 3. c4 e6 4. Nc3 dxc4 5. e3 a6 6. a4 b6 7.
Bxc4 Bb7 8. O-O Bd6 9. Re1 Nbd7 10. e4 e5 11. Bg5 h6 12. Bxf6 Qxf6 13. Nd5 Bxd5 14.
Bxd5 Rd8 15. Bc6 Qe7 16. dxe5 Bxe5 17. Nxe5 Qxe5 18. Qg4 h5 19. Qf5 Qe6 20. Bd5 Qxf5 21. exf5+ Kf8 22. Rad1 Nf6 23. Bb7 Rxd1 24. Rxd1 Ke7 25.
Bxa6 Rd8 26. Rxd8 Kxd8 27. Bc4 Ke7 28. f3 Nd7 29. b4 Ne5 30. Be2 Kd6 31. a5 bxa5 32. bxa5 Kc5 33. Kf2 Nc6 34. a6 Kb6 35.
Ke3 Nb4 36. f4 h4 37. f6 gxf6 38. Bc4 Nxa6 39. Bxf7 c5 40. Kf3 Kb5 41. Kg4 c4 42.
Kxh4 c3 43. Bg6 Kc4 44. Kg4 Nb4 45. Bb1 Kb3 46. h4 Kb2 47. Bg6 Kc1 48. h5 Kd2 49. Bb1 Kc1 50. Bf5 Kd2 51. h6 Nd3 52. h7 c2 53.
h8=Q c1=Q 54. Qd8 Qd1+ 55. Kh4 Qe1+ 56. Kh5 Qe2+ 57. Kg6 Qxg2+ 58. Kxf6 Qc6+ 59. Kg5 Qg2+ 60. Kh6 Qc6+ 61. Kg7 Qg2+ 62. Kf7 Qb7+ 63. Kg8 Qb3+ 64. Kf8 Qb4+ 65. Kg8 Qxf4 66. Qxd3+ Ke1 67. Qb1+ Kf2 68. Kf7 Kg3 69. Qg1+ Kf3 70. Qf1+ Ke3 71. Qxf4+ Kxf4 1/2-1/2

[Event "*** Titled Tuesday Blitz"]
[Site "Chess.com"]
[Date "2021.03.09"]
[Round "6"]
[White "TeukkaSalama"]
[Black "IngOscarArdila"]
[Result "1-0"]
[WhiteElo "2371"]
[BlackElo "2248"]
[TimeControl "180+1"]
[EndTime "11:12:22 PST"]
[Termination "TeukkaSalama won by checkmate"]

1. d4 Nf6 2. Nf3 g6 3. Bg5 Bg7 4. Nbd2 d6 5. c3 Nbd7 6. e4 e5 7. Be2 O-O 8. O-O b6 9. a4 a5 10. dxe5 dxe5 11. Qc2 h6 12. Bxf6 Qxf6 13. Nc4 Bb7 14. Rfe1 Rfe8 15. Rad1 Bc6 16. Bd3 Nc5 17. b3 Nxd3 18. Rxd3 Rad8 19. Rxd8 Qxd8 20. Rd1 Qa8 21. Nfd2 Rd8 22. f3 f6 23. Ne3 Bf8 24. Kh1 Bc5 25.
Ndc4 Kf7 26. Rd3 Ke7 27. Qd2 Rxd3 28. Qxd3 Qd8 29. Qxd8+ Kxd8 30. Ng4 Ke7 31. Nxh6 Ke6 32. Ng4 Bf8 33. Kg1 Bg7 34. Kf2 f5 35. exf5+ gxf5 36.
Nge3 e4 37. fxe4 Bxe4 38. Nd2 Bxc3 39. Nxe4 fxe4 40. h4 Ke5 41. g3 Bd4 42. Ke2 c6 43. h5 Kf6 44. g4 Kg5 45. Nc2 Bc5 46. Ne3 b5 47. Kd2 bxa4 48. bxa4 Bd4 49. Nc4 Kxg4 50.
h6 Kg5 51. h7 Kg6 52. Nxa5 c5 53. h8=Q Bxh8 54. Ke3 Kf5 55. Nc6 Bf6 56. a5 Bg5+ 57. Ke2 Ke6 58. a6 Kd6 59. a7 Kxc6 60. a8=Q+ Kd6 61. Qxe4 Bf6 62. Kd3 Bd4 63. Kc4 Kc7 64.
Qd5 Kb6 65. Qd6+ Ka7 66. Kb5 Ka8 67. Qc7 c4 68. Ka6 Ba7 69. Qb7# 1-0